 Dungeon Crawl Stone Soup version 0.21-a0-507-ga8f6b7a (webtiles) character file.

94 zero the Digger (level 4, -5/24 HPs)
             Began as a Gargoyle Earth Elementalist on Nov 27, 2017.
             Killed from afar by Sigmund (8 damage)
             ... with a magic dart
             ... on level 3 of the Dungeon.
             The game lasted 00:04:35 (2537 turns).

zero the Digger (Gargoyle Earth Elementalist)       Turns: 2537, Time: 00:04:36

Health: -5/24      AC:  6    Str: 12    XL:     4   Next: 63%
Magic:  8/8        EV: 12    Int: 16    God:
Gold:   119        SH:  0    Dex: 10    Spells: 5/9 levels left

rFire    . . .     SeeInvis .   a - +0 short sword
rCold    . . .     Gourm    .   (no shield)
rNeg     + . .     Faith    .   c - +0 robe
rPois    ∞         Spirit   .   (no helmet)
rElec    +         Reflect  .   (no cloak)
rCorr    +         Harm     +   n - +0 pair of gloves
MR       .....                  (no boots)
Stlth    ++........             l - amulet of harm
HPRegen  0.08/turn              h - ring of resist corrosion
MPRegen  0.11/turn              (no ring)

@: no status effects
A: negative energy resistance 1, electricity resistance, unbreathing,
petrification resistance, rot immunity, AC +3
a: no special abilities


You were on level 3 of the Dungeon.
You were hungry.

You visited 1 branch of the dungeon, and saw 3 of its levels.

You collected 119 gold pieces.

Inventory:

Hand Weapons
 a - a +0 short sword (weapon)
Missiles
 b - 88 stones (quivered)
Armour
 c - a +0 robe (worn)
 n - a +0 pair of gloves (worn)
Jewellery
 h - a ring of resist corrosion (left hand)
 l - an amulet of harm (around neck)
Scrolls
 g - a scroll of fear {unknown}
 i - a scroll of amnesia {unknown}
 j - 2 scrolls of magic mapping {unknown}
 m - a scroll of random uselessness {unknown}
 p - 2 scrolls of noise {unknown}
 w - 2 scrolls of teleportation {unknown}
Potions
 f - 2 potions of heal wounds {unknown}
 k - a potion of magic {unknown}
 s - a potion of agility {unknown}
 u - a potion of brilliance {unknown}
 v - a potion of berserk rage {unknown}
Books
 e - a book of Geomancy

   Spells                             Type                      Level
   a - Sandblast                      Earth                        1
   b - Passwall                       Transmutation/Earth          2
   c - Stone Arrow                    Conjuration/Earth            3
   d - Petrify                        Transmutation/Earth          4
   e - Lee's Rapid Deconstruction     Earth                        5
 t - a book of Cantrips

   Spells                             Type                      Level
   a - Confusing Touch                Hexes                        1
   b - Animate Skeleton               Necromancy                   1
   c - Summon Small Mammal            Summoning                    1
   d - Apportation                    Translocation                1
Comestibles
 d - a bread ration
 o - a royal jelly
 q - a meat ration
 r - a fruit


   Skills:
 - Level 1.5 Dodging
 - Level 2.1 Stealth
 * Level 3.3 Spellcasting
   Level 0.7 Transmutations
 + Level 5.2 Earth Magic


You had 5 spell levels left.
You knew the following spells:

 Your Spells              Type           Power        Failure   Level  Hunger
a - Sandblast             Erth           ###...       2%          1    None
b - Stone Arrow           Conj/Erth      ##....       19%         3    ###....


Dungeon Overview and Level Annotations

Branches:
Dungeon (3/15)

Altars:

Annotations:
D:3 Sigmund


Innate Abilities, Weirdness & Mutations

You are resistant to torment.
Your stone body is resilient. (AC +3)
You are immune to poison.
You resist negative energy. (rN+)
You are resistant to electric shocks. (rElec)
You can survive without breathing.
You are immune to petrification.
You are immune to rotting.


Message History

Sigmund points at you and mumbles some strange words.
You are confused.
You're too confused to cast spells.
You bump into the rock wall.
You're too confused to move!
You feel less confused. Sigmund gestures at you while chanting.
You are confused.
Sigmund gestures at you while chanting. The puff of flame hits you!
Ouch! That really hurt!
You bump into the rock wall.
Sigmund points at you and mumbles some strange words.
The puff of flame hits you!
* * * LOW HITPOINT WARNING * * *
You're too confused to move!
You feel less confused. Sigmund casts a spell at you. The magic dart hits you!
You die...

#############
#[.......@...
####.$...#
..........#######
####.......@.@..#
#%.....#####)#
#.###### #)# #.
#.####### #
#.......#
#######.# #.# #.#
#.#


You could see Sigmund.

Vanquished Creatures
  Natasha (D:3)
  4 adders (D:2)
  A worm (D:2)
  A ball python (D:2)
  2 giant cockroaches (D:1)
  6 goblins
  A hobgoblin (D:2)
  2 quokkas (D:2)
  2 bats (D:1)
  2 frilled lizards (D:2)
  5 kobolds
  6 rats
33 creatures vanquished.

Notes
Turn   | Place    | Note
-------+----------+-------------------------------------------
     0 | D:1      | zero the Gargoyle Earth Elementalist began the quest for the Orb.
     0 | D:1      | Reached XP level 1. HP: 10/10 MP: 3/3
   112 | D:1      | Reached skill level 4 in Earth Magic
   202 | D:1      | Reached XP level 2. HP: 10/15 MP: 5/5
  1169 | D:2      | Found a faded altar of an unknown god.
  1181 | D:2      | Reached XP level 3. HP: 9/19 MP: 3/6
  1859 | D:2      | Reached skill level 5 in Earth Magic
  1859 | D:2      | Reached XP level 4. HP: 24/24 MP: 6/8
  2051 | D:2      | Learned a level 3 spell: Stone Arrow
  2470 | D:3      | Noticed Natasha
  2476 | D:3      | Killed Natasha
  2523 | D:3      | Noticed Sigmund
  2537 | D:3      | Killed from afar by Sigmund

Vault maps used:
D:1:      dpeg_arrival_rooms_b
D:2:      chequers_ecumenical_altar_simple
D:3:      minmay_overflow_temple_hex, zin_purify,
          nicolae_tso_swordbearing_angel, uniq_sigmund, uniq_jessica,
          uniq_robin, uniq_natasha

Skill      XL: |  1  2  3  4 |
---------------+-------------+-----
Earth Magic    | 4 5 |  5.2
Spellcasting   | 3 |  3.3
Dodging        | |  1.5
Stealth        | |  2.1
Transmutations | |  0.7

Action                   |  1- 3 |  4- 6 || total
-------------------------+-------+-------++-------
Melee: Short sword       |    67 |    20 ||    87
       Unarmed           |     8 |       ||     8
 Cast: Sandblast         |    19 |     9 ||    28
 Stab: Sleeping          |     3 |       ||     3
  Eat: Chunk             |     2 |     1 ||     3
       Fruit             |     1 |     1 ||     2
Armor: Robe              |    30 |    10 ||    40
Dodge: Dodged            |    69 |    13 ||    82

Table legend:
 A = Spawn XP
 B = Non-spawn XP
 C = Spawn XP percentage of total XP
 D = Spawn monster count
 E = Non-spawn monster count
 F = Spawn count percentage of total count
 G = Total turns spent on level
                    A         B        C        D         E        F      G
               +---------+---------+-------+---------+---------+-------+---------
         Total |       0 |     135 |   0.0 |       0 |      33 |   0.0 |  2537
               +---------+---------+-------+---------+---------+-------+---------
           D:1 |       0 |      17 |   0.0 |       0 |      11 |   0.0 |   796
           D:2 |       0 |      79 |   0.0 |       0 |      19 |   0.0 |  1658
           D:3 |       0 |      39 |   0.0 |       0 |       3 |   0.0 |    83
               +---------+---------+-------+---------+---------+-------+---------
